AoeStats
← BOPONO45

QS Arena

503514933Analyzed
1v1 RM · 1mo ago on Sep 1, 2026· 33m 42s· 2 players
Game mode
Random Map
Map size
Tiny (2 player)
Population
200
Speed
Normal
Resources
Standard
Victory
Conquest
Starting age
Dark Age
Ending age
Imperial Age
RankedLock teamsTeams togetherTeam positionsShared explorationLock speedFull tech treeHidden civsTurbo modeCheats
Victory
Defeat
🇨🇳 Mongols · China
1025
+17
🇲🇽 Byzantines · Mexico
1046
-17
逍遥子
7:50 Feudal Age
12:43 Castle Age
11:21 Stone Mining
11:37 Double-Bit Axe
11:57 Loom
14:28 Fletching
20:38 Wheelbarrow
22:55 Horse Collar
23:45 Bodkin Arrow
28:22 Imperial Age
26:11 Gold Mining
27:11 Heavy Plow
27:28 Bow Saw
28:13 Ballistics
28:06 Padded Archer Armor
29:29 Gold Shaft Mining
29:59 Hand Cart
31:19 Chemistry
BOPONO45
9:07 Feudal Age
13:20 Castle Age
12:05 Double-Bit Axe
14:08 Horse Collar
17:15 Bow Saw
19:08 Elite Skirmisher
21:18 Wheelbarrow
25:54 Hand Cart
29:36 Imperial Age
27:50 Pikeman
28:26 Fletching
28:36 Padded Archer Armor
30:01 Bodkin Arrow
30:21 Leather Archer Armor
30:16 Forging
30:07 Scale Mail Armor
31:51 Chemistry
Connection lost

Rejoining the realm…

Still unreachable

The connection could not be restored.

Session expired

The server has moved on; the page needs a fresh start.